 Dungeon Crawl Stone Soup version 0.28-b1-25-g9875b3fc8c (webtiles) character file.

Game seed: 17195330208509739058

21798 LLlMATKO the Cleaver (level 12, -3/112 HPs)
             Began as a Minotaur Berserker on Feb 5, 2022.
             Was a High Priest of Trog.
             Slain by a boulder beetle (22 damage)
             ... while paralysed by a sphinx
             ... on level 12 of the Dungeon.
             The game lasted 00:24:49 (16118 turns).

LLlMATKO the Cleaver (Minotaur Berserker)          Turns: 16118, Time: 00:24:49

Health: -3/112     AC: 14    Str: 24    XL:     12   Next: 57%
Magic:  11/11      EV:  2    Int:  4    God:    Trog [*****.]
Gold:   1254       SH:  0    Dex: 19    Spells: 11/11 levels left

rFire   . . .      SeeInvis .   I - +2 war axe (elec)
rCold   + . .      Faith    .   (no shield)
rNeg    . . .      Spirit   .   k - +5 ring mail of Ornamental Lucidity {rC+}
rPois   .          Reflect  .   a - +0 hat
rElec   .          Harm     .   M - +0 cloak
rCorr   .          Rampage  .   (no gloves)
Will    .....                   (no boots)
Stlth   +.........              s - amulet of the acrobat
HPRegen 0.28/turn               c - ring of flight
MPRegen 0.12/turn               x - +6 ring of dexterity

@: paralysed, flying, slowed
A: horns 2, retaliatory headbutt
a: Renounce Religion, Berserk, Trog's Hand, Brothers in Arms


You were on level 12 of the Dungeon.
You worshipped Trog.
Trog was extremely pleased with you.
You visited 1 branch of the dungeon, and saw 12 of its levels.
You also visited: Bailey.

You collected 1254 gold pieces.

Inventory:

Hand Weapons
 I - a +2 war axe of electrocution (weapon)
Missiles
 b - a throwing net
 e - 7 poisoned darts (quivered)
 i - 9 datura-tipped darts
 l - 7 javelins
 t - 103 bolts
 A - 21 boomerangs
 B - 11 curare-tipped darts
 Q - an atropa-tipped dart
Armour
 a - a +0 hat (worn)
 k - the +5 ring mail of Ornamental Lucidity (worn) {rC+}
   (You found it on level 2 of the Dungeon)

   rC:        It protects you from cold.
 M - a +0 cloak (worn)
Jewellery
 c - a ring of flight (left hand)
 s - an amulet of the acrobat (around neck)
 x - a +6 ring of dexterity (right hand)
 G - a ring of willpower
 P - a ring of positive energy
Wands
 j - a wand of iceblast (1)
 r - a wand of acid (9)
 y - a wand of charming (22)
 C - a wand of polymorph (2)
 E - a wand of mindburst (13)
 K - a wand of flame (21)
Scrolls
 d - 2 scrolls of identify
 m - 3 scrolls of immolation
 q - a scroll of silence {unknown}
 v - a scroll of vulnerability
 z - a scroll of brand weapon {unknown}
 H - 2 scrolls of blinking {unknown}
 J - a scroll of torment {unknown}
 L - a scroll of teleportation
 N - a scroll of fog {unknown}
Potions
 f - a potion of attraction {unknown}
 g - 3 potions of mutation {unknown}
 h - 3 potions of invisibility {unknown}
 n - 3 potions of curing
 o - 4 potions of brilliance
 p - 4 potions of heal wounds
 u - a potion of ambrosia {unknown}
 w - a potion of might {unknown}
 D - 2 potions of degeneration {unknown}
 F - a potion of flight {unknown}
 O - a potion of cancellation {unknown}


   Skills:
 + Level 12.3 Fighting
 + Level 14.3 Axes
 - Level 5.0 Throwing
 + Level 12.2 Armour
 + Level 10.7 Dodging
 - Level 1.1 Stealth
 - Level 0.4 Unarmed Combat


You had 11 spell levels left.
You didn't know any spells.
Your spell library was empty.

Dungeon Overview and Level Annotations

Branches:
Dungeon (12/15)            Temple (0/1) D:6            Lair (0/6) D:10
    Orc (0/2) D:9          Bailey (visited)

Altars:
Dithmenos
Elyvilon
Fedhas
Gozag
Hepliaklqana
Kikubaaqudgha
Makhleb
Nemelex Xobeh
Okawaru
Qazlal
Ru
Trog
Xom
Yredelemnul
Zin

Shops:
D:7 *

Annotations:
D:11 2 transporters, Garym's ghost, journeyman MiBe


Innate Abilities, Weirdness & Mutations

You have a pair of horns on your head.
You reflexively headbutt those who attack you in melee.


Message History

You can move again.
Unknown command.
Unknown command.
Unknown command.
The sphinx casts a spell.
Something smites you!
There is a stone staircase leading up here.
Throw: 8 darts (poison)
Press: ? - help, Q - select action, (/) - cycle Shift-Dir - straight line, f/p - sphinx
Aim: a sphinx (poisoned, 83% to hit)
You throw a poisoned dart. The poisoned dart hits the sphinx.
The sphinx looks even sicker.
Unknown command.
The sphinx completely misses you. x2; The sphinx hits you.
You slice the sphinx!! You headbutt the sphinx.
The sphinx is moderately wounded.
The sphinx completely misses you. The sphinx barely misses you.
The sphinx hits you.
The boulder beetle curls into a ball and begins rolling!
You slash the sphinx!
The sphinx is moderately wounded.
The sphinx hits you! x2; The sphinx misses you.
The sphinx casts a spell.
You suddenly lose the ability to move!
The sphinx mumbles some strange words.
You feel yourself slow down. The boulder beetle hits you!!!
* * * LOW HITPOINT WARNING * * *
The boulder beetle stops rolling and uncurls.
The boulder beetle bites you but does no damage.
The sphinx looks more healthy.
The sphinx hits you but does no damage. x3
The boulder beetle bites you but does no damage.
The sphinx hits you but does no damage. The sphinx hits you.
* * * LOW HITPOINT WARNING * * *
The sphinx hits you but does no damage.
The boulder beetle bites you but does no damage.
The sphinx hits you!
* * * LOW HITPOINT WARNING * * *
The sphinx hits you but does no damage. x2
The boulder beetle bites you!!
You die...

##...#.............####.......###
...............###............#..
####.#.........# #.######...###.#
#..)....>.....###.# ##### #.#
##.#.#......)......# #.#
.....†...(.........#### #<#
##.#.#....^...(.......# #.#
#............(H...##.# #.#
###..#.......((B@...# # #.#
.............((.......... #.#
##.#########(#########.## #.# #..
#°# .# #.# ##. #.# # #.# .. ...
..# 8#


You could see a sphinx and a boulder beetle.

Vanquished Creatures
  Gastronok (D:8)
  A fire dragon (D:12)
  Harold (D:7)
  A hydra (D:11)
  Erolcha (D:9)
  3 two-headed ogres
  A satyr (shapeshifter) (D:7)
  2 orc knights (D:11)
  Pikel (D:7)
  A deep elf pyromancer (D:11)
  An ugly thing (D:11)
  A cyclops (D:11)
  A manticore (D:7)
  A manticore (shapeshifter) (D:7)
  Maggie (D:7)
  2 gargoyles (D:12)
  A kobold demonologist (D:10)
  2 unseen horrors
  A troll (D:11)
  Sigmund (D:4)
  2 vampires
  2 wraiths
  A human (D:5)
  Grum (D:11)
  5 yaks (D:12)
  Eustachio (D:5)
  10 vampire mosquitoes
  2 acid dragons
  Duvessa (D:5)
  2 sky beasts
  2 black bears
  18 orc warriors
  An ice beast (D:5)
  4 ogres
  2 necrophages
  13 centaurs
  4 lemures (D:7)
  A phantom (D:5)
  4 wolves (D:11)
  9 kobold brigands (Bailey)
  2 bullfrogs
  2 scorpions
  A wyvern zombie (D:7)
  A gnoll sergeant (D:7)
  Dowan (D:5)
  2 wyvern skeletons (D:7)
  2 water moccasin skeletons
  4 wights (D:6)
  9 killer bees
  4 howler monkeys
  2 centaur zombies
  A jelly (D:4)
  A gnoll shaman (D:6)
  8 orc priests
  3 bullfrog skeletons
  2 hounds
  3 iguanas
  13 orc wizards
  A hound skeleton (D:4)
  3 gnolls (D:6)
  8 adders
  2 white imps
  A worm (D:5)
  3 dart slugs
  53 orcs
  6 ball pythons
  6 bats
  3 bat zombies (D:4)
  4 endoplasms
  2 giant cockroaches
  15 goblins
  7 hobgoblins
  15 kobolds
  4 quokkas
  5 frilled lizards
  6 rats
  4 rat zombies (D:4)
319 creatures vanquished.

Vanquished Creatures (others)
  15 plants
15 creatures vanquished.

Grand Total: 334 creatures vanquished

Notes
Turn   | Place    | Note
-------+----------+-------------------------------------------
     0 | D:1      | LLlMATKO the Minotaur Berserker began the quest for the
                  | Orb.
     0 | D:1      | Reached XP level 1. HP: 19/19 MP: 0/0
   331 | D:1      | Reached skill level 4 in Axes
   331 | D:1      | Reached XP level 2. HP: 27/27 MP: 1/1
   712 | D:2      | Reached XP level 3. HP: 31/33 MP: 2/2
   846 | D:2      | Reached ** piety under Trog
  1056 | D:2      | Reached skill level 5 in Axes
  1220 | D:2      | Identified the +5 ring mail of Ornamental Lucidity {rC+}
  1279 | D:2      | Reached XP level 4. HP: 37/40 MP: 3/3
  1609 | D:3      | Noticed a black bear
  1615 | D:3      | Killed a black bear
  1616 | D:3      | Reached XP level 5. HP: 47/47 MP: 4/4
  1719 | D:3      | Reached skill level 6 in Axes
  1860 | D:3      | Found a shadowy altar of Dithmenos.
  1870 | D:3      | Reached skill level 1 in Throwing
  1870 | D:3      | Reached XP level 6. HP: 53/53 MP: 5/5
  2279 | D:3      | Found a sparkling altar of Nemelex Xobeh.
  2279 | D:3      | Found a white marble altar of Elyvilon.
  2279 | D:3      | Found an opulent altar of Gozag.
  2673 | D:4      | Noticed Sigmund
  2694 | D:4      | Killed Sigmund
  2841 | D:4      | Reached *** piety under Trog
  2842 | D:4      | Reached skill level 5 in Fighting
  2846 | D:4      | Found a bloodstained altar of Trog.
  3016 | D:4      | Reached skill level 7 in Axes
  3016 | D:4      | Reached XP level 7. HP: 56/61 MP: 6/6
  3505 | D:4      | Found an ancient bone altar of Kikubaaqudgha.
  3566 | D:4      | Reached skill level 5 in Armour
  3595 | D:5      | Entered Level 5 of the Dungeon
  3825 | D:5      | Found a stormy altar of Qazlal.
  3838 | D:5      | Noticed Eustachio
  3852 | D:5      | Killed Eustachio
  3853 | D:5      | Reached skill level 8 in Axes
  3931 | D:5      | Noticed Duvessa
  3931 | D:5      | Noticed Dowan
  3937 | D:5      | Killed Dowan
  3938 | D:5      | Reached XP level 8. HP: 69/69 MP: 7/7
  3941 | D:5      | Killed Duvessa
  4160 | D:5      | Found an iron altar of Okawaru.
  4435 | D:5      | Found a runed translucent door.
  4439 | D:5      | Found a basalt altar of Yredelemnul.
  4458 | D:5      | Reached skill level 9 in Axes
  4580 | D:5      | Found a sacrificial altar of Ru.
  4893 | D:6      | Reached **** piety under Trog
  5099 | D:6      | Reached XP level 9. HP: 78/78 MP: 8/8
  5100 | D:6      | Reached skill level 10 in Axes
  5340 | D:5      | Reached skill level 1 in Stealth
  5420 | D:6      | Found a burning altar of Makhleb.
  5745 | D:6      | Reached skill level 5 in Dodging
  6077 | D:6      | Found a staircase to the Ecumenical Temple.
  6175 | D:7      | Noticed Harold
  6265 | D:7      | Found Honuf's Assorted Antiques.
  6493 | D:7      | Found a flagged portal.
  6493 | D:7      | Noticed Maggie
  6502 | D:7      | Killed Maggie
  6508 | D:7      | Noticed Pikel
  6511 | Bailey   | Entered a bailey
  7075 | Bailey   | Identified the +2 triple sword of Twilight {drain, Int+6}
  7464 | Bailey   | Found the +0 staff of Battle
  7465 | Bailey   | Found a bloodstained altar of Trog.
  7622 | D:7      | Reached skill level 11 in Axes
  7678 | D:7      | Noticed a manticore
  7694 | D:7      | Killed a manticore
  7695 | D:7      | Reached XP level 10. HP: 41/88 MP: 9/9
  7837 | D:7      | Noticed a manticore
  7845 | D:7      | Killed a manticore
  8060 | D:7      | Killed Harold
  8081 | D:7      | Found a glowing silver altar of Zin.
  8306 | D:7      | Noticed a satyr
  8319 | D:7      | Killed a satyr
  8583 | D:7      | Killed Pikel
  8584 | D:7      | Reached skill level 12 in Axes
  8629 | D:7      | Found a hazy altar of Hepliaklqana.
 10044 | D:8      | Noticed Gastronok
 10066 | D:8      | Killed Gastronok
 10067 | D:8      | Reached XP level 11. HP: 99/99 MP: 10/10
 10892 | D:9      | Reached skill level 10 in Fighting
 11281 | D:9      | Noticed Erolcha
 11286 | D:9      | Killed Erolcha
 11287 | D:9      | Reached skill level 10 in Armour
 11333 | D:9      | Found a staircase to the Orcish Mines.
 11736 | D:9      | Reached skill level 5 in Throwing
 11984 | D:10     | Entered Level 10 of the Dungeon
 12240 | D:10     | Found a staircase to the Lair.
 12286 | D:10     | Noticed a two-headed ogre
 12296 | D:10     | Killed a two-headed ogre
 12351 | D:10     | Found a shimmering altar of Xom.
 12362 | D:10     | Found a shimmering altar of Xom.
 12362 | D:10     | Found a shimmering altar of Xom.
 12371 | D:10     | Found a shimmering altar of Xom.
 12372 | D:10     | Found a shimmering altar of Xom.
 12814 | D:10     | Noticed a two-headed ogre
 12823 | D:10     | Killed a two-headed ogre
 12824 | D:10     | Reached skill level 13 in Axes
 12975 | D:11     | Found a blossoming altar of Fedhas.
 13196 | D:11     | Noticed an orc knight
 13205 | D:11     | Killed an orc knight
 13222 | D:11     | Reached ***** piety under Trog
 13612 | D:11     | Noticed Grum
 13618 | D:11     | Reached XP level 12. HP: 110/110 MP: 11/11
 13627 | D:11     | Killed Grum
 13956 | D:11     | Found a transporter.
 13969 | D:11     | Noticed a tengu warrior
 13970 | D:11     | Found a bloodstained altar of Trog.
 13970 | D:11     | Noticed Garym's ghost (journeyman MiBe)
 13970 | D:11     | Noticed a two-headed ogre
 14486 | D:11     | Reached skill level 10 in Dodging
 14567 | D:11     | Found a transporter.
 14907 | D:12     | Noticed a two-headed ogre
 14911 | D:12     | Killed a two-headed ogre
 15299 | D:12     | Reached skill level 14 in Axes
 15404 | D:12     | Noticed a four-headed hydra
 15405 | D:12     | Noticed a boulder beetle
 15420 | D:11     | Killed an 11-headed hydra
 15672 | D:12     | Noticed a great orb of eyes
 15729 | D:12     | Noticed a fire dragon
 15805 | D:12     | Killed a fire dragon
 16101 | D:12     | Noticed a sphinx
 16102 | D:12     | Paralysed by a sphinx for 3 turns
 16113 | D:12     | Paralysed by a sphinx for 7 turns
 16118 | D:12     | Slain by a boulder beetle

Illustrated notes

Levels and vault maps discovered:
D:1:      evilmike_arrival_plus, layout_basic, minmay_misc_feat_tower
D:2:      wad_lake_hut, layout_basic, minmay_split_cup_large
D:3:      layout_basic, mainiacjoe_overflow_cross_hatched,
          gammafunk_temple_overflow_forgotten
D:4:      layout_basic, lemuel_zombie_altar_kikubaaqudgha, kennysheep_mini,
          serial_corexii_hall, corexii_hall_statues_x, corexii_hall_statues_i,
          uniq_sigmund
D:5:      layout_loops_cross, grunt_qazlal_sundering, nicolae_ru_awakened_eye,
          mainiacjoe_overflow_brackets, dk_yredelemnul_ordeal,
          nicolae_underground_beach, uniq_duvessa, uniq_eustachio
D:6:      corexii_shack_village, layout_basic, lemuel_crystal_altar,
          lemuel_temple_firewalk_b, grunt_decor_cap
D:7:      nzn_winding_woodlands_small [nzn_winding_woodlands_5x15_pockets,
          nzn_winding_woodlands_center_garden,
          nzn_winding_woodlands_5x15_zeroes], layout_rooms, zin_statuary,
          worldfamousw_hep_ancestral_shrine, enter_bailey_5, serial_shops, shop,
          kennysheep_another_room, uniq_harold, uniq_pikel, uniq_maggie
D:8:      layout_layer_cave, bh_walls_and_bars, uniq_gastronok
D:9:      layout_gridville, david_orc_2, uniq_erolcha
D:10:     layout_long_grid, xom_redecorated, lair_entry_dummy,
          grunt_ministairs_15
D:11:     layout_roguey [special_room_orc], gammafunk_ghost_wrathful_warriors,
          serial_bayou_pond_e, fedhas_altar_2, uniq_grum
D:12:     minmay_the_grid_3x2 [minmay_the_grid_tiny_cups, minmay_the_grid_fan,
          minmay_the_grid_outer_circle, minmay_the_grid_eight,
          minmay_the_grid_slots, minmay_the_grid_prize_trominoes],
          layout_loops_ring, hangedman_decor_slide_cut

Skill      XL: |  1  2  3  4  5  6  7  8  9 10 11 12 |
---------------+-------------------------------------+-----
Axes           | 4 5 6 7 8 9 11 12 13 14 | 14.3
Fighting       | 4 5 6 8 9 11 12 | 12.3
Armour         | 3 4 5 6 8 9 11 12 | 12.2
Throwing       | 1 2 3 4 5 |  5.0
Dodging        | 3 4 6 8 9 10 | 10.7
Stealth        | 1 |  1.1
Unarmed Combat | |  0.4

Action                   |  1- 3 |  4- 6 |  7- 9 | 10-12 || total
-------------------------+-------+-------+-------+-------++-------
Melee: Hand axe          |    91 |    97 |   260 |       ||   448
       Headbutt          |    11 |    14 |    65 |    77 ||   167
       Punch             |     1 |       |     7 |     5 ||    13
       War axe           |       |       |    61 |   371 ||   432
       Unarmed           |       |       |     8 |     7 ||    15
Throw: Stone             |     3 |       |       |       ||     3
       Dart              |     1 |    20 |    69 |   115 ||   205
Invok: Berserk           |       |     3 |     6 |    12 ||    21
       Trog's Hand       |       |       |     2 |     1 ||     3
  Use: Scroll            |       |       |       |    10 ||    10
 Stab: Invisible         |       |       |       |     3 ||     3
       Sleeping          |       |       |       |     1 ||     1
Armor: Chain mail        |    48 |       |       |       ||    48
       Ring mail         |     1 |    47 |   122 |   137 ||   307
Dodge: Dodged            |    40 |    43 |   245 |   411 ||   739
